 Dungeon Crawl Stone Soup version 0.25-a0-435-g4b9beb1024 (webtiles) character file.

Game seed: 8465845627322578883, levelgen mode: deterministic

14393 nuthulu the Blocker (level 12, 0/64 HPs)
             Began as a Gargoyle Fighter on Jan 28, 2020.
             Was a High Priest of Okawaru.
             Slain by a fire crab (shapeshifter) (3 damage)
             ... in a Gauntlet.
             The game lasted 00:30:43 (14948 turns).

nuthulu the Blocker (Gargoyle Fighter)             Turns: 14948, Time: 00:30:44

Health: 0/64       AC: 27    Str: 22 (23) XL:     12   Next: 16%
Magic:  12/13      EV:  6    Int:  9 (10) God:    Okawaru [*****.]
Gold:   758        SH: 14    Dex: 14      Spells: 11/11 levels left

rFire    + . .     SeeInvis .   G - +2 flail (vorpal)
rCold    + . .     Gourm    .   c - +0 shield
rNeg     + . .     Faith    +   B - +0 plate armour
rPois    ∞         Spirit   .   r - +1 helmet
rElec    +         Reflect  .   H - scarf {rC+ rF+}
rCorr    +         Harm     .   l - +1 pair of gloves
MR       .....     NoTele   +   j - +2 pair of boots
Stlth    ..........             w - amulet of faith
HPRegen  0.20/turn              m - ring of resist corrosion
MPRegen  0.13/turn              y - +4 ring of dexterity

@: flying
A: big wings, hooves 1, deterioration 1, high mp 1, negative energy resistance
1, electricity resistance, unbreathing, petrification resistance, rot immunity,
AC +8
a: Stop Flying, Heroism, Finesse, Renounce Religion


You were in a Gauntlet.
You worshipped Okawaru.
Okawaru was extremely pleased with you.
You were not hungry.

You visited 3 branches of the dungeon, and saw 13 of its levels.
You also visited: Gauntlet.

You collected 758 gold pieces.

Inventory:

Hand Weapons
 v - a +1 flail of protection
 G - a +2 vorpal flail (weapon)
Armour
 b - a +0 scale mail
 c - a +0 shield (worn)
 j - a +2 pair of boots (worn)
 l - a +1 pair of gloves (worn)
 r - a +1 helmet (worn)
 B - a +0 plate armour (worn)
 H - a scarf of resistance (worn)
Jewellery
 m - a ring of resist corrosion (left hand)
 n - an uncursed ring of stealth
 u - the amulet "Vudyumud" {rPois Regen+ Str-4 Int+4}
   (You found it on level 7 of the Dungeon)

   [amulet of regeneration]

   It affects your strength (-4).
   It affects your intelligence (+4).
   It protects you from poison.
   It increases your rate of regeneration.
 w - an amulet of faith (around neck)
 y - a +4 ring of dexterity (right hand)
 C - an uncursed ring of fire
Wands
 a - a wand of iceblast (15)
 i - a wand of enslavement (3)
 o - a wand of clouds (5)
 t - a wand of flame (32)
 x - a wand of polymorph (9)
 D - a wand of acid (16)
 F - a wand of disintegration (3)
 I - a wand of scattershot (6)
Scrolls
 g - 5 scrolls of teleportation
 h - 14 scrolls of remove curse
 z - 3 scrolls of identify
 A - a scroll of fear
 E - 2 scrolls of amnesia
Potions
 d - 2 potions of flight
 e - a potion of curing
 k - a potion of agility
 p - 3 potions of haste
 q - a potion of ambrosia
 s - a potion of cancellation
Comestibles
 f - 26 rations


   Skills:
 - Level 3.2 Fighting
 + Level 13.4 Maces & Flails
 - Level 3.2 Armour
 + Level 14.6 Shields


You had 11 spell levels left.
You didn't know any spells.
Your spell library contained the following spells:

 Spells                   Type           Power        Failure   Level  Hunger
 Sandblast                Erth           #.....       100%        1    ##.....
 Passwall                 Tmut/Erth      #.......     100%        2    ###....
 Stone Arrow              Conj/Erth      #.....       100%        3    ####...
 Petrify                  Tmut/Erth      #.......     100%        4    #####..
 Blade Hands              Tmut           #.........   100%        5    ######.
 Bolt of Magma            Conj/Fire/Erth #.........   100%        5    ######.
 Irradiate                Conj/Tmut      #.........   100%        5    ######.
 Lee's Rapid Deconstruct  Erth           #.........   100%        5    ######.
 Hydra Form               Tmut           #.........   100%        6    #######
 Dragon Form              Tmut           #.........   100%        7    #######
 Statue Form              Tmut/Erth      Unusable     N/A         6    N/A

Dungeon Overview and Level Annotations

Branches:
Dungeon (11/15)            Temple (1/1) D:5            Lair (1/6) D:11
    Orc (0/2) D:9         Gauntlet (1/1)

Altars:
Ashenzari
Cheibriados
Dithmenos
Elyvilon
Fedhas
Gozag
Hepliaklqana
Kikubaaqudgha
Makhleb
Nemelex Xobeh
Okawaru
Qazlal
Ru
Sif Muna
Trog
Uskayaw
Vehumet
Wu Jian
Xom
Yredelemnul
Zin
The Shining One

Shops:
D:9 ([

Annotations:
D:5 4 runed translucent doors Gauntlet 8 transporters, 14 runed translucent doors


Innate Abilities, Weirdness & Mutations

You are resistant to torment.
Your stone body is resilient. (AC +8)
You are immune to poison.
You resist negative energy. (rN+)
You are resistant to electric shocks. (rElec)
You can survive without breathing.
You are immune to petrification.
You are immune to rotting.
Your large and strong wings let you fly indefinitely.
You have large cloven feet.
Your body sometimes deteriorates upon taking damage.
You have an increased reservoir of magic. (+10% MP)


Message History

The fire crab bites you but does no damage.
The fire crab claws you.
You are engulfed in flames.
You resist.
You hit the fire crab.
The fire crab is severely wounded.
You feel like a meek peon again. The fire crab breathes flames at you.
The blast of flame engulfs you but does no damage.
You hit the fire crab.
The fire crab is severely wounded.
You are engulfed in blazing flames.
You resist.
* * * LOW HITPOINT WARNING * * *
The fire crab breathes flames at you.
The blast of flame engulfs you but does no damage.
You are engulfed in blazing flames.
You resist.
* * * LOW HITPOINT WARNING * * *
You reach down and open the large door.
You are engulfed in blazing flames.
You resist.
* * * LOW HITPOINT WARNING * * *
The fire crab bites you.
You die...

#..#..!.©(...#.
###..#.........#.#.
#8#..#..#+++#..#.#.
#..#''#...#++#.#.##.#
#..#..'...+..#.#©#.##.©.
###..#..°°..+..#.###.#.####.
#8#..#++#°#+#++#...#.##....#
###..#..+°°°'..#...#5.######
#..#..+°t@'..#...#p.......
#..###########...#########
###≈......©......≈..........
#8#∩...∩........≈8§.........
###≈......©......§..........
#..###########...#########
#..#.........#...#hph.#..#
#..#.........#...#h..#..#.
8#..#.#######.#...#..#P.#P.


You could see a fire crab.

Vanquished Creatures
  Erica (D:11)
  A two-headed ogre (D:9)
  Urug (D:10)
  Nergalle (D:11)
  4 skeletal warriors
  An ugly thing (D:7)
  A cyclops (D:10)
  A gargoyle (D:9)
  A yaktaur (shapeshifter) (Gauntlet)
  2 trolls (D:7)
  2 hippogriffs (D:7)
  A wyvern (D:10)
  A spriggan (D:10)
  10 yaks
  2 wraiths (D:10)
  Grum (D:10)
  A basilisk (Lair:1)
  3 wargs
  2 water moccasins
  3 orc warriors
  A sky beast (D:6)
  2 ice beasts
  3 phantoms
  3 wolves
  2 ogres
  10 centaurs
  A crocodile (D:11)
  4 bullfrogs (D:11)
  A wyvern zombie (D:10)
  5 scorpions
  10 killer bees (D:10)
  3 wights (D:11)
  3 crimson imps
  A howler monkey (D:4)
  A bullfrog zombie (D:8)
  2 centaur zombies
  A hound (D:9)
  A jelly (D:7)
  11 orc wizards
  8 orc priests
  A bullfrog skeleton (D:8)
  2 centaur skeletons
  Jessica (D:3)
  Ijyb (D:4)
  An iguana (D:10)
  Natasha (twice) (D:2)
  7 worker ants
  2 killer bee zombies
  A hound skeleton (D:4)
  Robin (D:3)
  2 howler monkey skeletons
  2 gnolls (D:4)
  17 adders
  An ooze (D:1)
  2 adder skeletons
  4 worms
  2 dart slugs
  11 leopard geckos
  47 orcs
  5 giant cockroaches
  26 goblins
  8 hobgoblins
  14 jackals
  6 quokkas
  A ball python (D:7)
  12 bats
  5 frilled lizards
  A jackal zombie (D:6)
  7 kobolds
  A quokka zombie (D:5)
  6 rats
312 creatures vanquished.

Vanquished Creatures (collateral kills)
  A gnoll (D:4)
1 creature vanquished.

Vanquished Creatures (others)
  A golden eye (shapeshifter) (Gauntlet)
  A gnoll (D:4)
  An orc (D:7)
  3 withered plants (Gauntlet)
6 creatures vanquished.

Grand Total: 319 creatures vanquished

Notes
Turn   | Place    | Note
-------+----------+-------------------------------------------
     0 | D:1      | nuthulu the Gargoyle Fighter began the quest for the Orb.
     0 | D:1      | Reached XP level 1. HP: 14/14 MP: 1/1
   149 | D:1      | Reached XP level 2. HP: 18/19 MP: 2/2
   370 | D:1      | Reached XP level 3. HP: 21/23 MP: 3/3
   393 | D:1      | Reached skill level 4 in Shields
  1082 | D:2      | Found an opulent altar of Gozag.
  1212 | D:2      | Reached XP level 4. HP: 26/28 MP: 4/4
  1313 | D:2      | Noticed Natasha
  1338 | D:2      | Killed Natasha
  1513 | D:2      | Reached XP level 5. HP: 32/32 MP: 5/5
  1684 | D:2      | Reached skill level 5 in Shields
  1821 | D:2      | Noticed Natasha
  1836 | D:2      | Killed Natasha
  2083 | D:3      | Found an ornate altar of the Wu Jian Council.
  2159 | D:3      | Reached XP level 6. HP: 37/37 MP: 6/6
  2191 | D:3      | Noticed Robin
  2202 | D:3      | Killed Robin
  2210 | D:3      | Noticed Jessica
  2220 | D:3      | Killed Jessica
  2352 | D:3      | Found a shadowy altar of Dithmenos.
  2529 | D:4      | Reached skill level 6 in Shields
  2634 | D:4      | Reached skill level 5 in Maces & Flails
  2952 | D:4      | Found a shimmering altar of Xom.
  3026 | D:4      | Reached XP level 7. HP: 41/41 MP: 7/7
  3468 | D:4      | Noticed Ijyb
  3526 | D:4      | Killed Ijyb
  3919 | D:5      | Entered Level 5 of the Dungeon
  3936 | D:5      | Found a staircase to the Ecumenical Temple.
  3964 | Temple   | Entered the Ecumenical Temple
  4442 | D:5      | Found a large runed translucent door.
  4442 | D:5      | Found a large runed translucent door.
  4463 | D:5      | Noticed a hungry ghost
  4467 | D:5      | Found a large runed translucent door.
  4467 | D:5      | Found a large runed translucent door.
  4478 | D:5      | Reached skill level 7 in Shields
  4878 | D:5      | Found a white marble altar of Elyvilon.
  4878 | D:5      | Found a hide-covered altar of Uskayaw.
  4943 | D:5      | Found a bloodstained altar of Trog.
  4948 | D:5      | Found a blossoming altar of Fedhas.
  4951 | D:5      | Found a snail-covered altar of Cheibriados.
  4966 | D:5      | Found a radiant altar of Vehumet.
  5085 | D:5      | Noticed a yak
  5087 | D:5      | Reached XP level 8. HP: 46/46 MP: 8/8
  5103 | D:5      | Killed a yak
  5400 | D:6      | Reached skill level 8 in Shields
  6496 | D:6      | Found a burning altar of Makhleb.
  6585 | D:6      | You fall into a shaft and drop 3 floors!
  6776 | D:8      | Reached skill level 9 in Shields
  6881 | D:7      | Noticed a hippogriff
  6889 | D:7      | Killed a hippogriff
  6889 | D:7      | Reached XP level 9. HP: 40/51 MP: 9/9
  7764 | D:7      | Reached skill level 10 in Shields
  7842 | D:7      | Noticed a troll
  7842 | D:7      | Noticed a purple ugly thing
  7870 | D:7      | Killed a troll
  7893 | D:7      | Killed a purple ugly thing
  7913 | D:7      | Noticed a troll
  7925 | D:7      | Killed a troll
  7925 | D:7      | Reached skill level 11 in Shields
  7941 | D:7      | Reached skill level 10 in Maces & Flails
  7941 | D:7      | Reached XP level 10. HP: 27/56 MP: 10/10
  7946 | D:7      | Identified the Reference Book on the Mutagenic Rocks
  7950 | D:7      | Got a fine bronze amulet
  8259 | D:7      | Got a twisted chain mail
  8266 | D:7      | Found a blossoming altar of Fedhas.
  8362 | D:7      | Identified the amulet "Vudyumud" {rPois Regen+ Str-4 Int+4}
                  | (You found it on level 7 of the Dungeon)
  8565 | D:8      | Found an iron altar of Okawaru.
  8579 | D:8      | Became a worshipper of Warmaster Okawaru
  9531 | D:9      | Noticed a two-headed ogre
  9539 | D:9      | Killed a two-headed ogre
 10127 | D:9      | Found a staircase to the Orcish Mines.
 10127 | D:9      | Found Ukyno's Weapon Shop.
 10128 | D:9      | Found Vaqossi's Armour Shop.
 10501 | D:9      | Identified the cursed +0 chain mail of Lyihyhig {Slay+2}
                  | (You found it on level 7 of the Dungeon)
 10838 | D:10     | Entered Level 10 of the Dungeon
 10838 | D:10     | Noticed a gargoyle
 10863 | D:9      | Killed a gargoyle
 10863 | D:9      | Reached * piety under Okawaru
 10863 | D:9      | Reached skill level 12 in Shields
 11194 | D:10     | Noticed a cyclops
 11219 | D:10     | Killed a cyclops
 11478 | D:10     | Reached ** piety under Okawaru
 12227 | D:10     | Reached XP level 11. HP: 60/60 MP: 11/11
 12615 | D:11     | Reached *** piety under Okawaru
 12628 | D:11     | Reached skill level 13 in Shields
 12637 | D:11     | Noticed a skeletal warrior
 12643 | D:11     | Noticed a skeletal warrior
 12744 | D:10     | Killed a skeletal warrior
 12834 | D:11     | Killed a skeletal warrior
 12837 | D:11     | Noticed Urug
 13023 | D:10     | Killed Urug
 13023 | D:10     | Reached **** piety under Okawaru
 13178 | D:11     | Noticed Grum
 13539 | D:10     | Killed Grum
 13561 | D:11     | Noticed a skeletal warrior
 13561 | D:11     | Noticed a skeletal warrior
 13640 | D:10     | Killed a skeletal warrior
 13660 | D:10     | Killed a skeletal warrior
 13788 | D:11     | Noticed Erica
 13788 | D:11     | Noticed Nergalle
 13841 | D:11     | Killed Erica
 13841 | D:11     | Reached ***** piety under Okawaru
 13841 | D:11     | Reached skill level 14 in Shields
 13845 | D:11     | Gained mutation: You are clumsy. (Dex -2) [potion of
                  | mutation]
 13845 | D:11     | Gained mutation: You are frail. (-10% HP) [potion of
                  | mutation]
 13845 | D:11     | Gained mutation: Your magical capacity is low. (-10% MP)
                  | [potion of mutation]
 13845 | D:11     | Gained mutation: You have large cloven feet. [potion of
                  | mutation]
 13846 | D:11     | Lost mutation: You are frail. (-10% HP) [potion of
                  | mutation]
 13846 | D:11     | Lost mutation: Your magical capacity is low. (-10% MP)
                  | [potion of mutation]
 13846 | D:11     | Lost mutation: You are clumsy. (Dex -2) [potion of
                  | mutation]
 13846 | D:11     | Gained mutation: You have an increased reservoir of magic.
                  | (+10% MP) [potion of mutation]
 13846 | D:11     | Gained mutation: Your body sometimes deteriorates upon
                  | taking damage. [potion of mutation]
 13846 | D:11     | Gained mutation: Your large and strong wings let you fly
                  | indefinitely. [potion of mutation]
 14167 | D:10     | Received a gift from Okawaru
 14225 | D:10     | Reached XP level 12. HP: 55/64 MP: 13/13
 14460 | D:11     | Killed Nergalle
 14460 | D:11     | Received a gift from Okawaru
 14508 | D:11     | Found a staircase to the Lair.
 14820 | Lair:1   | Entered Level 1 of the Lair of Beasts
 14820 | Lair:1   | Found a gate leading to a gauntlet.
 14840 | Gauntlet | Entered a Gauntlet
 14840 | Gauntlet | Found a transporter.
 14840 | Gauntlet | Found a transporter.
 14840 | Gauntlet | Found a large runed translucent door.
 14840 | Gauntlet | Found a large runed translucent door.
 14840 | Gauntlet | Found a large runed translucent door.
 14840 | Gauntlet | Found a large runed translucent door.
 14840 | Gauntlet | Found a large runed translucent door.
 14840 | Gauntlet | Found a large runed translucent door.
 14840 | Gauntlet | Found a runed translucent door.
 14840 | Gauntlet | Found a runed translucent door.
 14840 | Gauntlet | Found a large runed translucent door.
 14840 | Gauntlet | Found a large runed translucent door.
 14840 | Gauntlet | Found a large runed translucent door.
 14840 | Gauntlet | Found a large runed translucent door.
 14840 | Gauntlet | Found a large runed translucent door.
 14840 | Gauntlet | Found a large runed translucent door.
 14844 | Gauntlet | Found a transporter.
 14844 | Gauntlet | Found a transporter.
 14845 | Gauntlet | Found a large runed translucent door.
 14845 | Gauntlet | Found a large runed translucent door.
 14845 | Gauntlet | Found a large runed translucent door.
 14845 | Gauntlet | Found a large runed translucent door.
 14854 | Gauntlet | Found a transporter.
 14858 | Gauntlet | Found a transporter.
 14865 | Gauntlet | Found a transporter.
 14865 | Gauntlet | Found a transporter.
 14908 | Gauntlet | Found a runed translucent gate.
 14908 | Gauntlet | Found a runed translucent gate.
 14908 | Gauntlet | Found a runed translucent gate.
 14909 | Gauntlet | Found a transporter.
 14948 | Gauntlet | HP: 3/64 [fire crab (shapeshifter)] (4)]
 14948 | Gauntlet | Slain by a fire crab (shapeshifter)

Levels and vault maps discovered:
D:1:      nicolae_arrival_somewhat_less_tricky_arrival, layout_basic,
          serial_park_tiny_1
D:2:      layout_loops_ring, grunt_gozag_statues, uniq_natasha
D:3:      layout_rooms, grunt_dithmenos_smoke_and_mirrors,
          lemuel_coloured_pillars_altar, uniq_robin, uniq_jessica
D:4:      kennysheep_goblin_castle, layout_rooms, kennysheep_little_box,
          st_stairs_5, serial_bayou_pond_a
D:5:      layout_gridville, grunt_temple_overflow_cloverleaf,
          gammafunk_temple_overflow_elements, minmay_temple_entry_proselytizer,
          first_ration, minmay_hollow_rounded_squares
D:6:      layout_loops_corners, bloody_makhleb
D:7:      minmay_the_grid_triangle_9x9_recursive_2
          [minmay_the_grid_triangle_9x9_prize_center,
          minmay_the_grid_triangle_9x9_semitri,
          minmay_the_grid_triangle_9x9_zippers_horizontal,
          minmay_the_grid_triangle_9x9_shrine], layout_gridville
D:8:      layout_layer_cave, nicolae_overflow_crystal_walls
D:9:      layout_grid_maze, orc_david_3
D:10:     layout_basic, enter_bailey_3, the_bakery
D:11:     layout_cave_pools, erik_lair_orcish_takeover, uniq_erica,
          uniq_nergalle, uniq_grum, uniq_urug
Temple:   zaba_magenta_temple
Lair:1:   layout_regular_city, gauntlet_entry_generic,
          chequers_serial_rivers_micro_d, kennysheep_rathole
Gauntlet: gammafunk_gauntlet_branching
          [minmay_gauntlet_arena_make_your_own_arena,
          gammafunk_gauntlet_arena_teeth, gammafunk_gauntlet_arena_corners,
          gammafunk_gauntlet_arena_spirals,
          gammafunk_gauntlet_arena_arrow_garden, nicolae_gauntlet_arena_blocks,
          nicolae_gauntlet_swirl, gammafunk_gauntlet_arena_open,
          gauntlet_exit_watery]

Skill      XL: |  1  2  3  4  5  6  7  8  9 10 11 |
---------------+----------------------------------+-----
Shields        | 4 5 6 7 9 11 12 14 | 14.6
Maces & Flails | 3 4 5 6 8 10 11 13 | 13.4
Fighting       | |  3.2
Armour         | |  3.2

Action                   |  1- 3 |  4- 6 |  7- 9 | 10-12 || total
-------------------------+-------+-------+-------+-------++-------
Melee: Flail             |   165 |   313 |   518 |   822 ||  1818
Invok: Heroism           |       |       |       |     7 ||     7
 Abil: Fly               |       |       |       |     1 ||     1
Evoke: Wand              |       |       |     2 |    11 ||    13
  Use: Scroll            |     2 |    12 |     7 |     6 ||    27
       Potion            |       |     1 |     6 |    11 ||    18
 Stab: Invisible         |       |       |     2 |       ||     2
  Eat: Chunk             |     1 |     7 |     6 |    13 ||    27
       Ration            |       |       |     3 |     3 ||     6
Armor: Scale mail        |   174 |   139 |   179 |       ||   492
       Plate armour      |       |       |   110 |   452 ||   562
Dodge: Dodged            |   101 |    99 |   117 |   144 ||   461
Block: Shield            |   146 |   155 |   306 |   590 ||  1197

Table legend:
 A = Non-vault XP
 B = Vault XP
 C = Vault XP percentage of total XP
 D = Non-vault monster count
 E = Vault monster count
 F = Vault count percentage of total count
                 A         B        C        D         E       F
            +---------+---------+-------+---------+---------+-------
      Total |   14074 |    6488 |  31.6 |     245 |      69 |  22.0
            +---------+---------+-------+---------+---------+-------
        D:1 |      56 |       0 |   0.0 |      30 |       0 |   0.0
        D:2 |     146 |      35 |  19.3 |      26 |       1 |   3.7
        D:3 |      99 |      73 |  42.4 |      15 |      13 |  46.4
        D:4 |     290 |     106 |  26.8 |      22 |      13 |  37.1
        D:5 |     314 |     335 |  51.6 |      10 |       8 |  44.4
        D:6 |     346 |       0 |   0.0 |      11 |       0 |   0.0
        D:7 |     988 |    1696 |  63.2 |      19 |      10 |  34.5
        D:8 |     813 |       0 |   0.0 |      24 |       0 |   0.0
        D:9 |    1847 |     142 |   7.1 |      18 |       5 |  21.7
       D:10 |    6856 |    1659 |  19.5 |      41 |      10 |  19.6
       D:11 |    2132 |    2219 |  51.0 |      28 |       8 |  22.2
     Lair:1 |     187 |       0 |   0.0 |       1 |       0 |   0.0
   Gauntlet |       0 |     223 | 100.0 |       0 |       1 | 100.0
            +---------+---------+-------+---------+---------+-------
